 Dungeon Crawl Stone Soup version 0.19.1 (webtiles) character file.

14490 tognito the Cleaver (level 11, -5/107 HPs)
             Began as a Minotaur Berserker on Dec 22, 2016.
             Was a High Priest of Trog.
             Succumbed to Sonja's poison
             ... on level 11 of the Dungeon.
             The game lasted 00:28:08 (10319 turns).

tognito the Cleaver (Minotaur Berserker)           Turns: 10319, Time: 00:28:08

Health: -5/107     AC: 24    Str: 24    XL:     11   Next: 89%
Magic:  10/10      EV: 11    Int:  4    God:    Trog [*****.]
Gold:   983        SH:  3    Dex: 11    Spells: 0 memorised, 10 levels left

rFire  + . .     SeeInvis +     a - +7 war axe of Anxiety {elec, rC++}
rCold  + + .     Gourm    .     C - +1 plate armour {rF+}
rNeg   . . .     Faith    .     M - +0 buckler
rPois  .         Spirit   .     Q - +2 hat {SInv}
rElec  .         Reflect  .     P - +2 cloak
rCorr  +         Harm     .     r - +2 pair of gloves
MR     .....     Clarity  +     (no boots)
Stlth  ..........               (no amulet)
                                h - +1 ring of evasion
                                l - ring of resist corrosion

@: lethally poisoned (-5 -> -96), exhausted, slowed, very slow
A: retaliatory headbutt, horns 2, clarity, mutation resistance 1
a: Berserk, Trog's Hand, Brothers in Arms, Burn Spellbooks, Renounce Religion


You were on level 11 of the Dungeon.
You worshipped Trog.
Trog was extremely pleased with you.
You were near starving.

You visited 1 branch of the dungeon, and saw 11 of its levels.

You collected 983 gold pieces.

Inventory:

Hand Weapons
 a - the +7 war axe of Anxiety (weapon) {elec, rC++}
   (You found it on level 8 of the Dungeon)

   Occasionally, upon striking a foe, it will discharge some electrical energy
   and cause terrible harm.
   It greatly protects you from cold.
 b - a +0 hand crossbow
Missiles
 o - 99 bolts
Armour
 r - a +2 pair of gloves (worn)
 C - a +1 plate armour of fire resistance (worn)
 M - a +0 buckler (worn)
 P - a +2 cloak (worn)
 Q - a +2 hat of see invisible (worn)
Jewellery
 h - a +1 ring of evasion (right hand)
 l - a ring of resist corrosion (left hand)
 H - an uncursed ring of flight
Wands
 k - a wand of digging (12/24)
 n - a wand of paralysis (13/24)
 w - a wand of random effects (26/48)
 y - a wand of disintegration (8/24)
 D - a wand of lightning (7/15)
 K - a wand of teleportation (4/9)
 L - a wand of random effects (7/48)
 N - a wand of lightning (10/15)
 O - a wand of acid (4/15)
Scrolls
 d - a scroll of amnesia {unknown}
 e - 9 scrolls of identify
 f - 3 scrolls of immolation {unknown}
 i - 3 scrolls of fog {unknown}
 p - 4 scrolls of enchant weapon {unknown}
 s - 5 scrolls of magic mapping {unknown}
 t - 3 scrolls of teleportation {unknown}
 u - 2 scrolls of remove curse {unknown}
 z - a scroll of blinking {unknown}
 I - a scroll of noise {unknown}
 J - 2 scrolls of random uselessness {unknown}
Potions
 m - 2 potions of brilliance
 q - 2 potions of heal wounds
 x - a potion of might
 A - a potion of curing
 B - a potion of haste
 E - a potion of resistance
 G - a potion of flight
Comestibles
 c - 9 bread rations
 g - 6 meat rations
 j - 4 slices of pizza
 v - 16 fruits
 F - 13 royal jellies
 R - 2 chunks of flesh


   Skills:
 * Level 13.3 Fighting
 * Level 13.5 Axes
 + Level 9.8 Armour
 + Level 9.0 Dodging


You had 10 spell levels left.
You didn't know any spells.

Dungeon Overview and Level Annotations

Branches:
Dungeon (11/15)            Temple (0/1) D:4            Lair (0/6) D:10
    Orc (0/2) D:9

Altars:
Ashenzari
Dithmenos
Fedhas
Hepliaklqana
Nemelex Xobeh
Ru
Trog

Shops:
D:5 [   D:9 [(   D:11 *

Annotations:
D:11 Sonja


Innate Abilities, Weirdness & Mutations

You reflexively headbutt those who attack you in melee.
You have a pair of horns on your head.
You possess an exceptional clarity of mind.
You are somewhat resistant to further mutation.


Message History

Sonja is almost dead.
* * * LOW HITPOINT WARNING * * *
You feel extremely sick.
Sonja hits you with an uncursed short sword of venom.
* * * LOW HITPOINT WARNING * * *
You are more poisoned.
Sonja barely misses you. Sonja hits you but does no damage.
You are more poisoned.
Sonja hits you but does no damage.
You are more poisoned.
Sonja hits you but does no damage.
You are more poisoned.
Sonja closely misses you.
You closely miss Sonja.
Sonja is almost dead.
* * * LOW HITPOINT WARNING * * *
You feel extremely sick.
Sonja gestures wildly while chanting.
Sonja blinks!
You die...

#############
##.....#.....##
##.#.∩.#....[..##
#.........§.....#
#....#...(@.....#
#.......(..K....# #######
#.........((....# #.....##
#..........(....# #.......
#...........†.?.# #.....≈≈
##..........†.†#####...≈##≈
##....$....(..(.......#≈≈#
#######...########..##≈≈≈
###.# #..≈≈#≈≈


You could see Sonja.

Vanquished Creatures
  Gastronok (D:11)
  The ghost of loralnil the Cleaver, a journeyman FoAK of Lugonu (D:11)
  Erica (D:11)
  An oklob plant (D:4)
  Maurice (D:11)
  A gargoyle (D:11)
  A komodo dragon (D:10)
  A troll (D:11)
  A two-headed ogre (D:9)
  A hornet (D:8)
  Prince Ribbit (D:8)
  Sigmund (D:2)
  A wyvern (D:9)
  2 wraiths
  14 yaks (D:11)
  A hungry ghost (D:10)
  Grum (D:8)
  A steam dragon (D:10)
  A mottled dragon (D:10)
  2 insubstantial wisps (D:10)
  A water moccasin (D:10)
  7 ice beasts
  6 orc warriors
  A phantom (D:7)
  4 sky beasts
  An eye of draining (D:10)
  3 ogres
  A necrophage (D:10)
  3 wolves (D:8)
  3 centaurs
  2 crocodiles (D:10)
  A big kobold (D:11)
  3 bullfrogs
  A water moccasin skeleton (D:4)
  A scorpion (D:9)
  9 killer bees (D:8)
  3 wights
  6 howler monkeys
  A vampire bat (D:5)
  12 crimson imps
  A bullfrog zombie (D:6)
  A quasit (D:11)
  8 jellies
  2 bullfrog skeletons
  2 centaur skeletons
  5 orc priests
  A gnoll shaman (D:6)
  6 hounds
  9 orc wizards
  5 iguanas
  5 worker ants
  A killer bee zombie (D:8)
  2 hound zombies
  A howler monkey zombie (D:9)
  A howler monkey skeleton (D:3)
  A worker ant zombie (D:11)
  4 gnolls (D:6)
  9 adders
  2 shadow imps
  7 oozes
  An adder skeleton (D:8)
  4 worms
  3 fire bats (D:5)
  7 leopard geckos
  36 orcs
  2 spectral bats (D:5)
  A bat simulacrum (D:5)
  3 bat skeletons (D:5)
  A bat zombie (D:5)
  2 giant cockroaches
  5 goblins
  6 hobgoblins
  9 jackals
  5 quokkas
  20 bats
  5 frilled lizards
  6 kobolds
  5 rats
  7 fungi (D:4)
  A plant (D:4)
306 creatures vanquished.

Vanquished Creatures (collateral kills)
  A bullfrog (D:11)
1 creature vanquished.

Grand Total: 307 creatures vanquished

Notes
Turn   | Place    | Note
-------+----------+-------------------------------------------
     0 | D:1      | tognito the Minotaur Berserker began the quest for the Orb.
     0 | D:1      | Reached XP level 1. HP: 19/19 MP: 0/0
   205 | D:1      | Reached XP level 2. HP: 24/27 MP: 1/1
   760 | D:2      | Noticed Sigmund
   766 | D:2      | Killed Sigmund
   766 | D:2      | Reached skill level 5 in Fighting
   766 | D:2      | Reached skill level 5 in Axes
   766 | D:2      | Reached XP level 3. HP: 36/36 MP: 2/2
   766 | D:2      | Reached XP level 4. HP: 42/42 MP: 3/3
   766 | D:2      | Reached XP level 5. HP: 48/48 MP: 4/4
   906 | D:2      | Found a shadowy altar of Dithmenos.
   930 | D:2      | Found a sacrificial altar of Ru.
   935 | D:2      | Found a bloodstained altar of Trog.
   976 | D:2      | Gained mutation: You are somewhat resistant to further mutation. [potion of mutation]
   976 | D:2      | Gained mutation: You possess an exceptional clarity of mind. [potion of mutation]
  1023 | D:2      | Found a hazy altar of Hepliaklqana.
  1232 | D:2      | Reached ** piety under Trog
  2033 | D:3      | Reached XP level 6. HP: 56/56 MP: 5/5
  2707 | D:4      | Found a staircase to the Ecumenical Temple.
  2821 | D:4      | Reached *** piety under Trog
  3098 | D:4      | Found a blossoming altar of Fedhas.
  3115 | D:4      | Noticed an oklob plant
  3160 | D:4      | Killed an oklob plant
  3160 | D:4      | Reached XP level 7. HP: 47/66 MP: 6/6
  3561 | D:5      | Entered Level 5 of the Dungeon
  3661 | D:5      | Reached skill level 5 in Armour
  3661 | D:5      | Reached XP level 8. HP: 58/73 MP: 7/7
  3996 | D:5      | Found Askeohaj's Antique Armour Shoppe.
  4305 | D:5      | Reached skill level 5 in Dodging
  5377 | D:7      | Found a sparkling altar of Nemelex Xobeh.
  5506 | D:7      | Reached **** piety under Trog
  5506 | D:7      | Reached XP level 9. HP: 26/82 MP: 8/8
  6550 | D:8      | Paralysed by a hornet for 3 turns
  6557 | D:8      | Paralysed by a hornet for 3 turns
  6560 | D:8      | Reached skill level 10 in Axes
  6792 | D:8      | Noticed Prince Ribbit
  6800 | D:8      | Killed Prince Ribbit
  6800 | D:8      | Reached skill level 10 in Fighting
  7053 | D:8      | Got a warped war axe
  7054 | D:8      | Identified the +7 war axe of Anxiety {elec, rC++} (You found it on level 8 of the Dungeon)
  7223 | D:8      | Noticed Grum
  7225 | D:8      | Reached XP level 10. HP: 94/94 MP: 9/9
  7231 | D:8      | Killed Grum
  7258 | D:8      | Reached ***** piety under Trog
  7742 | D:9      | Received a gift from Trog
  7789 | D:9      | Found a shattered altar of Ashenzari.
  7856 | D:9      | Found Zeeji's Armour Shoppe.
  7872 | D:9      | Found a staircase to the Orcish Mines.
  7874 | D:9      | Found Cyowoinau's Weapon Shoppe.
  8362 | D:10     | Entered Level 10 of the Dungeon
  8862 | D:10     | Found a staircase to the Lair.
  9009 | D:10     | Found a blossoming altar of Fedhas.
  9120 | D:10     | Received a gift from Trog
  9124 | D:10     | Reached XP level 11. HP: 92/104 MP: 10/10
  9560 | D:11     | Noticed Erica
  9571 | D:11     | Killed Erica
  9659 | D:11     | Noticed Gastronok
  9661 | D:11     | Noticed Maurice
  9668 | D:11     | Killed Maurice
  9671 | D:11     | Killed Gastronok
  9941 | D:11     | Noticed loralnil's ghost (journeyman FoAK)
  9962 | D:11     | Killed loralnil's ghost
 10277 | D:11     | Noticed Sonja
 10300 | D:11     | Found Cuaj's Assorted Antiques.
 10318 | D:11     | HP: 5/107 [poisoned by Sonja]
 10319 | D:11     | Succumbed to Sonja's poison

Skill      XL: |  1  2  3  4  5  6  7  8  9 10 11 |
---------------+----------------------------------+-----
Axes           | 5 7 9 10 12 13 | 13.5
Fighting       | 5 7 8 10 11 13 | 13.3
Armour         | 3 4 5 6 7 8 9 |  9.8
Dodging        | 3 4 5 7 8 9 |  9.0

Action                   |  1- 3 |  4- 6 |  7- 9 | 10-12 || total
-------------------------+-------+-------+-------+-------++-------
Melee: Hand axe          |    41 |   176 |   290 |       ||   507
       Headbutt          |     8 |    39 |    72 |    47 ||   166
       War axe           |       |       |    74 |   232 ||   306
 Fire: Hand crossbow     |       |       |       |    64 ||    64
Throw: Javelin           |       |       |       |     5 ||     5
Invok: Berserk           |     1 |     1 |     2 |     2 ||     6
       Burn Spellbooks   |       |       |       |     1 ||     1
       Trog's Hand       |       |       |       |     1 ||     1
       Brothers in Arms  |       |       |       |     1 ||     1
  Use: Potion            |       |     6 |     7 |     1 ||    14
       Scroll            |       |       |     1 |       ||     1
  Eat: Chunk             |       |     8 |    13 |    11 ||    32
       Beef jerky        |       |       |     1 |       ||     1
       Pizza             |       |       |     1 |       ||     1
Armor: Animal skin       |    14 |     6 |       |       ||    20
       Chain mail        |       |    36 |   117 |       ||   153
       Ring mail         |       |     9 |       |       ||     9
       Plate armour      |       |       |    60 |   132 ||   192
       Skin              |       |       |     6 |       ||     6
Dodge: Dodged            |    37 |    83 |   214 |   103 ||   437
Block: Buckler           |       |       |       |     6 ||     6
